 Dungeon Crawl Stone Soup version 0.26.1-11-gd32895ea62 (webtiles) character file.

Game seed: 17699931575334380344

103508 hawla the Devastator (level 15, -7/82 HPs)
             Began as a Deep Elf Conjurer on May 26, 2021.
             Was a High Priest of Vehumet.
             Mangled by an entropy weaver (11 damage)
             ... on level 3 of the Spider Nest on May 27, 2021.
             The game lasted 01:52:43 (33526 turns).

hawla the Devastator (Deep Elf Conjurer)           Turns: 33526, Time: 01:52:45

Health: -7/82      AC: 19    Str:  4    XL:     15   Next: 89%
Magic:  19/37      EV: 14    Int: 41    God:    Vehumet [*****.]
Gold:   1189       SH:  0    Dex: 13    Spells: 3/28 levels left

rFire    . . .     SeeInvis +   F - +8 dagger "Beast's Nightmare" {drain, SInv}
rCold    . . .     Faith    .   V - +1 buckler {rPois}
rNeg     . . .     Spirit   .   K - +2 robe {Will+}
rPois    +         Reflect  +   C - +3 hat of Pondering {ponderous, Will+ MP+10 Int+5}
rElec    .         Harm     .   v - +1 cloak {rCorr}
rCorr    +         Rampage  .   (no gloves)
Will     ++++.                  D - +2 pair of boots
Stlth    +.........             b - amulet of reflection
HPRegen  0.23/turn              Q - +6 ring of intelligence
MPRegen  0.25/turn              k - +4 ring of protection

@: confused, lethally poisoned (-7 -> -20), very slightly contaminated, slow
A: iridescent scales 1, rugged brown scales 1, strong-willed 1, wild magic 1
a: Renounce Religion


You were on level 3 of the Spider Nest.
You worshipped Vehumet.
Vehumet was extremely pleased with you.
You visited 5 branches of the dungeon, and saw 25 of its levels.
You visited 1 bazaar.
You also visited: Sewer.

You collected 2136 gold pieces.
You spent 947 gold pieces at shops.

Inventory:

Hand Weapons
 n - a +0 short sword of distortion
 s - a +9 quarterstaff of chaos
 F - the +8 dagger "Beast's Nightmare" (weapon) {drain, SInv}
   (You found it on level 12 of the Dungeon)

   A truly terrible weapon, it drains the life of those it strikes.
   It lets you see invisible.
Missiles
 h - 35 boomerangs
 u - 39 poisoned darts (quivered)
 y - 8 silver boomerangs
 I - 6 curare-tipped darts
 O - a boomerang of dispersal
Armour
 d - the +2 shield of Resistance {rF++ rC++ Will++}
   (You found it on level 12 of the Dungeon)

   It greatly protects you from fire.
   It greatly protects you from cold.
   It affects your willpower, your defense against some magical effects.
 v - a +1 cloak of preservation (worn)
 z - the +1 cloak of Starlight {*Dazzle EV+4 Stlth--}
   (You found it on level 4 of the Dungeon)

   It affects your evasion (+4).
   It makes you much less stealthy.
 C - the +3 hat of Pondering (worn) {ponderous, Will+ MP+10 Int+5}
   (You took it off Gastronok on level 1 of the Lair of Beasts)

   It affects your intelligence (+5).
   It affects your willpower, your defense against some magical effects.
   It affects your magic capacity (+10).
 D - a +2 pair of boots (worn)
 K - a +2 robe of willpower (worn)
 V - a +1 buckler of poison resistance (worn)
Magical Staves
 l - an uncursed staff of conjuration
 W - an uncursed staff of cold
Jewellery
 a - an uncursed ring of fire
 b - an amulet of reflection (around neck)
 g - an uncursed ring of wizardry
 k - a +4 ring of protection (right hand)
 r - an uncursed ring of willpower
 w - an uncursed ring of stealth
 J - an uncursed ring of resist corrosion
 N - an uncursed amulet of the acrobat
 Q - a +6 ring of intelligence (left hand)
Wands
 e - a wand of paralysis (19)
 x - a wand of flame (30)
 A - a wand of enslavement (19)
 P - a wand of acid (9)
 S - a wand of disintegration (23)
 T - a wand of iceblast (13)
Scrolls
 m - 9 scrolls of teleportation
 p - 10 scrolls of identify
 t - a scroll of enchant weapon
 B - 8 scrolls of remove curse
 E - 2 scrolls of fear
 H - a scroll of summoning
 U - a scroll of magic mapping
Potions
 c - 2 potions of heal wounds
 f - 4 potions of flight
 i - a potion of cancellation
 j - 6 potions of curing
 o - 10 potions of brilliance
 q - 5 potions of might
 G - 2 potions of magic
 L - 5 potions of ambrosia
 M - a potion of invisibility


   Skills:
 - Level 4.0 Fighting
 - Level 12.0 Staves
 - Level 1.0 Throwing
 - Level 4.0 Dodging
 - Level 4.0 Stealth
 - Level 6.0 Shields
 - Level 7.0 Spellcasting
 + Level 17.2 Conjurations
 - Level 6.0 Translocations
 + Level 17.2 Fire Magic
 - Level 3.0 Earth Magic
 - Level 3.0 Evocations


You had 3 spell levels left.
You knew the following spells:

 Your Spells              Type           Power        Failure   Level
a - Magic Dart            Conj           100%         1%          1
b - Searing Ray           Conj           100%         1%          2
c - Iskenderun's Mystic   Conj/Tloc      97%          1%          4
d - Blink                 Tloc           N/A          1%          2
f - Bolt of Magma         Conj/Fire/Erth 50%          1%          5
g - Irradiate             Conj/Tmut      42%          1%          5
h - Starburst             Conj/Fire      58%          1%          6

Your spell library contained the following spells:

 Spells                   Type           Power        Failure   Level
 Freezing Cloud           Conj/Ice/Air   34%          12%         6
 Foxfire                  Conj/Fire      100%         1%          1
 Conjure Flame            Conj/Fire      100%         1%          3
 Dazzling Flash           Conj/Hex       100%         1%          3
 Gell's Gravitas          Tloc           35%          1%          3
 Inner Flame              Hex/Fire       84%          1%          3
 Mephitic Cloud           Conj/Pois/Air  68%          1%          3
 Animate Skeleton         Necr           36%          4%          1
 Corona                   Hex            20%          4%          1
 Pain                     Necr           72%          4%          1
 Call Imp                 Summ           18%          5%          2
 Ensorcelled Hibernation  Hex/Ice        36%          5%          2
 Slow                     Hex            18%          5%          2
 Confusing Touch          Hex            18%          11%         3
 Tukima's Dance           Hex            18%          11%         3
 Vampiric Draining        Necr           9%           11%         3
 Fulminant Prism          Conj/Hex       42%          1%          4
 Sticky Flame             Conj/Fire      100%         1%          4
 Fireball                 Conj/Fire      58%          1%          5
 Iskenderun's Battlesphe  Conj           100%         1%          5
 Orb of Destruction       Conj           58%          1%          7
 Iron Shot                Conj/Erth      45%          2%          6
 Petrify                  Tmut/Erth      34%          17%         4
 Spellforged Servitor     Conj/Summ      42%          19%         7
 Yara's Violent Unravell  Hex/Tmut       9%           21%         5
 Animate Dead             Necr           9%           30%         4
 Agony                    Necr           18%          61%         5
 Metabolic Englaciation   Hex/Ice        9%           61%         5


Dungeon Overview and Level Annotations

Branches:
Dungeon (15/15)            Temple (1/1) D:6            Lair (4/6) D:10
 Spider (3/4) Lair:3          Orc (2/2) D:12            Elf (0/3) Orc:2
 Vaults (0/5) D:13         Depths (0/5) D:15          Sewer (visited)
  Swamp: Lair:2-4    Shoals: Lair:2-4

Altars:
Ashenzari
Cheibriados
Dithmenos
Elyvilon
Fedhas
Gozag
Hepliaklqana
Kikubaaqudgha
Makhleb
Nemelex Xobeh
Okawaru
Qazlal
Ru
Sif Muna
Trog
Uskayaw
Vehumet
Wu Jian
Xom
Yredelemnul
Zin
The Shining One

Shops:
D:12 :   Orc:2 *?:*

Annotations:
D:12 1 runed translucent door
Lair:1 2 runed translucent doors, DrIncompetent's ghost, novice KoEn


Innate Abilities, Weirdness & Mutations

You are partially covered in iridescent scales. (AC +2)
You are partially covered in rugged brown scales. (AC +1, +3% HP)
You are strong-willed. (Will+)
Your spells are a little harder to cast, but a little more powerful.


Message History

The entropy weaver barely misses you.
The entropy weaver hits you but does no damage.
The entropy weaver hits you.
* * * LOW HITPOINT WARNING * * *
The emperor scorpion stings you but does no damage.
The emperor scorpion claws you but does no damage. x2
The tarantella bites you!
* * * LOW HITPOINT WARNING * * *
In your confused state, you trip and fall back down the stairs.
* * * LOW HITPOINT WARNING * * *
x2 You feel sick.
The ghost moth stares at you.
You feel your power leaking away.
The tarantella bites you but does no damage.
The wolf spider barely misses you. The wolf spider misses you.
The entropy weaver hits you.
* * * LOW HITPOINT WARNING * * *
The entropy weaver hits you but does no damage.
The entropy weaver hits you!
You die...

##^.... .....
≈≈≈#... ....
#.≈#.. #≈≈.
..≈..#≈.≈#
#≈....?.### .
#.....#..#.
....#†..s......
....†.s@sy#
#...†.BBs.#
#..####s#s... #
.ss#s.}.. ...
##### .##.s .
.. .. .s#


You could see an emperor scorpion (misshapen), a ghost moth (invisible), 2
entropy weavers, 2 wolf spiders, an orb spider, a jumping spider, 4 tarantellas
and 2 redbacks.

Vanquished Creatures
  Gastronok (Lair:1)
  Donald (Orc:2)
  A ghost moth (Spider:2)
  An emperor scorpion (Spider:2)
  A stone giant (Orc:2)
  An ettin (D:13)
  2 fire dragons (D:12)
  Josephine (D:15)
  2 ogre magi (Orc:2)
  A yaktaur captain (D:15)
  2 ice dragons (D:12)
  4 hydras
  Erolcha (Orc:1)
  A vault guard (D:13)
  Harold (D:8)
  5 boulder beetles
  Erica (D:11)
  3 centaur warriors
  12 two-headed ogres
  2 tengu warriors
  3 death yaks
  A vampire mage (D:13)
  Sonja (Lair:1)
  5 skeletal warriors
  An iron troll (Orc:2)
  2 unseen horrors
  2 deep trolls
  A lindwurm (D:13)
  Pikel (D:8)
  6 orb spiders (Spider:2)
  10 wolf spiders
  5 ugly things
  An orc sorcerer (Orc:1)
  3 deep elf magi
  2 manticores
  6 cyclopes
  Maurice (D:8)
  4 black mambas
  Joseph (D:7)
  Psyche (D:10)
  A torpor snail (Spider:2)
  2 gargoyles (D:15)
  4 cane toads
  A kobold demonologist (D:14)
  A komodo dragon (shapeshifter) (D:13)
  A yaktaur (D:15)
  2 efreet
  8 komodo dragons
  4 demonic crawlers
  A yaktaur (shapeshifter) (D:11)
  A queen bee (Lair:2)
  10 trolls
  A hornet (shapeshifter) (D:13)
  16 jumping spiders
  A slime creature (D:12)
  5 hornets
  21 blink frogs
  35 redbacks
  3 vampires
  34 yaks
  14 tarantellas
  11 wraiths
  Eustachio (D:5)
  2 wyverns
  5 basilisks
  A hog (shapeshifter) (D:13)
  Menkaure (D:7)
  7 wargs
  2 swamp worms (Lair:1)
  9 water moccasins
  Edmund (D:5)
  5 acid dragons
  11 orc warriors
  2 necrophages
  5 black bears
  3 phantoms
  2 sky beasts (D:10)
  28 ogres
  A boggart (D:15)
  An eye of draining (shapeshifter) (D:15)
  9 wolves
  5 centaurs
  4 big kobolds
  10 bullfrogs
  A scorpion (D:13)
  23 killer bees (Lair:2)
  A wight (D:7)
  A howler monkey (D:4)
  3 centaur zombies
  A quasit (D:6)
  4 bullfrog zombies
  2 bullfrog skeletons
  3 jellies
  18 orc wizards
  Crazy Yiuf (D:3)
  4 centaur skeletons
  8 orc priests
  9 hounds
  6 iguanas
  Natasha (thrice) (D:3)
  6 worker ants
  A hound zombie (D:10)
  A hound skeleton (D:4)
  A worker ant zombie (D:7)
  14 adders
  9 gnolls
  2 river rats (Sewer)
  5 white imps
  An ufetubus (D:5)
  4 oozes
  4 worms
  A dart slug (D:1)
  7 leopard geckos
  49 orcs
  3 bats (D:2)
  6 giant cockroaches
  9 goblins
  6 hobgoblins
  5 jackals
  30 kobolds
  5 quokkas
  2 ball pythons
  A frilled lizard (D:1)
  A leopard gecko skeleton (D:6)
  7 rats
  A bush (D:1)
662 creatures vanquished.

Vanquished Creatures (others)
  An ogre (D:8)
  An orc (D:13)
  6 fungi
  99 plants
107 creatures vanquished.

Grand Total: 769 creatures vanquished

Notes
Turn   | Place    | Note
-------+----------+-------------------------------------------
     0 | D:1      | hawla the Deep Elf Conjurer began the quest for the Orb.
     0 | D:1      | Reached XP level 1. HP: 10/10 MP: 6/6
   157 | D:1      | Reached XP level 2. HP: 16/16 MP: 2/8
   160 | D:1      | Learned a level 2 spell: Searing Ray
   295 | D:1      | Reached skill level 1 in Translocations
   905 | D:1      | Reached XP level 3. HP: 20/20 MP: 7/10
  1001 | D:1      | Reached skill level 1 in Fighting
  1929 | D:2      | Noticed a black bear
  1933 | D:2      | Killed a black bear
  1934 | D:2      | Reached skill level 5 in Conjurations
  1934 | D:2      | Reached XP level 4. HP: 25/25 MP: 6/12
  1934 | D:2      | Reached XP level 5. HP: 29/29 MP: 6/13
  2006 | D:2      | Learned a level 4 spell: Iskenderun's Mystic Blast
  2024 | D:2      | Found an iron altar of Okawaru.
  2461 | D:3      | Found a glowing drain.
  2509 | Sewer    | Entered a sewer
  2919 | Sewer    | Reached XP level 6. HP: 34/34 MP: 11/14
  3123 | Sewer    | Gained mutation: You are strong-willed. (Will+) [potion of
                  | mutation]
  3123 | Sewer    | Gained mutation: Your spells are a little harder to cast,
                  | but a little more powerful. [potion of mutation]
  3123 | Sewer    | Gained mutation: Your body sometimes deteriorates upon
                  | taking damage. [potion of mutation]
  3123 | Sewer    | Gained mutation: Your system is resistant to poisons.
                  | (rPois) [potion of mutation]
  3124 | Sewer    | Lost mutation: Your body sometimes deteriorates upon taking
                  | damage. [potion of mutation]
  3124 | Sewer    | Lost mutation: Your system is resistant to poisons. (rPois)
                  | [potion of mutation]
  3124 | Sewer    | Gained mutation: You are partially covered in rugged brown
                  | scales. (AC +1, +3% HP) [potion of mutation]
  3124 | Sewer    | Gained mutation: You are partially covered in iridescent
                  | scales. (AC +2) [potion of mutation]
  3349 | D:3      | Found a faded altar of an unknown god.
  3407 | D:3      | Noticed Natasha
  3415 | D:3      | Killed Natasha
  3537 | D:3      | Noticed Natasha
  3541 | D:3      | Killed Natasha
  3592 | D:3      | Found a shadowy altar of Dithmenos.
  3663 | D:3      | Found a runed translucent door.
  3664 | D:3      | Noticed Crazy Yiuf
  3703 | D:3      | Noticed Natasha
  3706 | D:3      | Killed Natasha
  3806 | D:3      | Found a burning altar of Makhleb.
  3909 | D:3      | Killed Crazy Yiuf
  4023 | D:4      | Reached skill level 5 in Translocations
  4037 | D:4      | Reached XP level 7. HP: 39/39 MP: 3/15
  4238 | D:4      | Found Zin's Purification Station.
  4241 | D:4      | Found a glowing silver altar of Zin.
  4562 | D:4      | Found the +1 cloak of Starlight {*Dazzle EV+4 Stlth--}
  4802 | D:5      | Entered Level 5 of the Dungeon
  4907 | D:5      | Noticed Eustachio
  4919 | D:5      | Killed Eustachio
  4920 | D:5      | Reached XP level 8. HP: 44/44 MP: 9/16
  4980 | D:5      | Found a hide-covered altar of Uskayaw.
  5008 | D:5      | Noticed Edmund
  5013 | D:5      | Killed Edmund
  5095 | D:5      | Found a white marble altar of Elyvilon.
  5220 | D:5      | Learned a level 2 spell: Blink
  5227 | D:5      | Reached skill level 10 in Conjurations
  5724 | D:6      | Found a hazy altar of Hepliaklqana.
  5887 | D:6      | Reached skill level 1 in Staves
  5887 | D:6      | Reached skill level 1 in Throwing
  5887 | D:6      | Reached skill level 1 in Fire Magic
  6455 | D:6      | Found a staircase to the Ecumenical Temple.
  6556 | Temple   | Entered the Ecumenical Temple
  6790 | Temple   | Became a worshipper of Vehumet
  7062 | D:7      | Noticed Joseph
  7235 | D:7      | Killed Joseph
  7236 | D:7      | Reached skill level 5 in Spellcasting
  7236 | D:7      | Reached XP level 9. HP: 36/49 MP: 7/18
  7597 | D:7      | Noticed Menkaure
  7603 | D:7      | Killed Menkaure
  7741 | D:7      | Found a sacrificial altar of Ru.
  7932 | D:7      | Found a hide-covered altar of Uskayaw.
  8231 | D:7      | Found a shadowy altar of Dithmenos.
  8331 | D:7      | Found a glowing golden altar of the Shining One.
  8387 | D:8      | Noticed Pikel
  8391 | D:8      | Killed Pikel
  8420 | D:8      | Reached * piety under Vehumet
  8420 | D:8      | Offered knowledge of Foxfire by Vehumet.
  8544 | D:7      | Reached skill level 5 in Fire Magic
  8899 | D:8      | Noticed Maurice
  8939 | D:8      | Reached XP level 10. HP: 47/54 MP: 2/19
  8940 | D:8      | Noticed Harold
  9183 | D:8      | Reached skill level 5 in Staves
  9229 | D:8      | Killed Maurice
  9488 | D:8      | Killed Harold
  9712 | D:8      | Noticed a two-headed ogre
  9717 | D:8      | Learned a level 3 spell: Conjure Flame
  9717 | D:8      | Noticed a two-headed ogre
  9753 | D:8      | Killed a two-headed ogre
  9754 | D:8      | Reached skill level 1 in Evocations
  9884 | D:8      | Killed a two-headed ogre
 10079 | D:8      | Found a bloodstained altar of Trog.
 10315 | D:9      | Reached ** piety under Vehumet
 10315 | D:9      | Offered knowledge of Shock by Vehumet.
 10903 | D:9      | Found a bloodstained altar of Trog.
 10905 | D:9      | Found a blossoming altar of Fedhas.
 10905 | D:9      | Found an iron altar of Okawaru.
 10907 | D:9      | Found a bloodstained altar of Trog.
 10907 | D:9      | Found a shimmering altar of Xom.
 10907 | D:9      | Found a white marble altar of Elyvilon.
 11298 | D:10     | Entered Level 10 of the Dungeon
 11431 | D:10     | Reached XP level 11. HP: 60/61 MP: 18/22
 11574 | D:10     | Noticed Psyche
 11579 | D:10     | Killed Psyche
 11592 | D:10     | Noticed a skeletal warrior
 11593 | D:10     | Noticed a skeletal warrior
 11595 | D:10     | Noticed a skeletal warrior
 11597 | D:10     | Noticed a skeletal warrior
 11957 | D:10     | Killed a skeletal warrior
 12202 | D:10     | Found a staircase to the Lair.
 12213 | Lair:1   | Entered Level 1 of the Lair of Beasts
 12236 | D:10     | Killed a skeletal warrior
 12236 | D:10     | Offered knowledge of Ignite Poison by Vehumet.
 12392 | D:10     | Noticed a skeletal warrior
 12512 | D:10     | Killed a skeletal warrior
 12517 | D:10     | Killed a skeletal warrior
 12577 | D:11     | Noticed a red ugly thing
 13036 | D:11     | Killed a red ugly thing
 13411 | D:11     | Reached *** piety under Vehumet
 13703 | D:11     | Noticed Erica
 13713 | D:11     | Killed Erica
 13876 | D:11     | Reached skill level 10 in Fire Magic
 14393 | D:11     | Killed a skeletal warrior
 14635 | D:12     | Noticed an ice dragon
 14636 | D:12     | Found a runed translucent door.
 14636 | D:12     | Noticed an ice dragon
 14637 | D:12     | Noticed a fire dragon
 14637 | D:12     | Noticed a fire dragon
 14638 | D:12     | Found the +2 shield of Resistance {rF++ rC++ Will++}
 14652 | D:12     | Found a runed translucent door.
 14898 | D:12     | Found a staircase to the Orcish Mines.
 14918 | D:12     | Noticed a green ugly thing
 14928 | D:12     | Killed a green ugly thing
 14929 | D:12     | Reached skill level 10 in Staves
 14929 | D:12     | Reached XP level 12. HP: 52/65 MP: 19/23
 15098 | D:12     | Noticed a boulder beetle
 15110 | D:12     | Killed a boulder beetle
 15389 | D:12     | Offered knowledge of Airstrike by Vehumet.
 15653 | D:12     | Got a smoking dagger
 15654 | D:12     | Identified the +8 dagger "Beast's Nightmare" {drain, SInv}
                  | (You found it on level 12 of the Dungeon)
 16250 | D:12     | Found Humuitie's Book Boutique.
 16606 | D:4      | Bought a potion of curing for 90 gold pieces
 16773 | D:12     | Bought a book of Power for 450 gold pieces
 16779 | D:12     | Learned a level 5 spell: Bolt of Magma
 16992 | D:13     | Noticed a two-headed ogre
 16997 | D:13     | Killed a two-headed ogre
 17170 | D:13     | Noticed a tengu warrior
 17182 | D:13     | Killed a tengu warrior
 18424 | D:13     | Found a glowing golden altar of the Shining One.
 18424 | D:13     | Noticed a vampire mage
 18434 | D:13     | Killed a vampire mage
 18595 | D:13     | Found a burning altar of Makhleb.
 18966 | D:13     | Noticed a vault guard
 18968 | D:13     | Noticed an ettin
 18983 | D:13     | Killed a vault guard
 19151 | D:13     | Killed an ettin
 19152 | D:13     | Reached skill level 1 in Shields
 19152 | D:13     | Reached skill level 1 in Earth Magic
 19452 | D:13     | Found a gate to the Vaults.
 19601 | D:14     | Found a flickering gateway to a bazaar.
 19607 | Bazaar   | Entered a bazaar
 19708 | Bazaar   | Found Adwi's Magic Scroll Emporium.
 19727 | Bazaar   | Found Jefry's Gadget Shoppe.
 19727 | Bazaar   | Found Zoraybla's Gadget Emporium.
 19847 | Bazaar   | Bought a scroll of amnesia for 35 gold pieces
 19861 | Bazaar   | Bought a wand of disintegration (6) for 140 gold pieces
 19861 | Bazaar   | Bought a wand of iceblast (7) for 154 gold pieces
 19906 | D:14     | Reached XP level 13. HP: 37/71 MP: 6/25
 20569 | D:14     | Reached **** piety under Vehumet
 21310 | D:15     | Entered Level 15 of the Dungeon
 21356 | D:15     | Offered knowledge of Irradiate by Vehumet.
 21447 | D:14     | Learned a level 5 spell: Irradiate
 21935 | D:15     | Noticed Josephine
 22051 | D:15     | Killed Josephine
 22920 | D:15     | Found a staircase to the Depths.
 23210 | D:12     | Killed a fire dragon
 23215 | D:12     | Killed a fire dragon
 23440 | Orc:1    | Entered Level 1 of the Orcish Mines
 23490 | Orc:2    | Entered Level 2 of the Orcish Mines
 23490 | Orc:2    | Noticed Donald
 23500 | Orc:2    | Killed Donald
 23738 | Orc:2    | Reached skill level 5 in Shields
 23787 | Orc:2    | Noticed a stone giant
 23794 | Orc:2    | Killed a stone giant
 24006 | Orc:2    | Found a staircase to the Elven Halls.
 24197 | Orc:2    | Found Xiezas's General Store.
 24198 | Orc:2    | Found Qabrucev's Book Shoppe.
 24199 | Orc:2    | Found Vamudgh's Magic Scroll Shoppe.
 24221 | Orc:2    | Reached XP level 14. HP: 58/78 MP: 19/26
 24229 | Orc:2    | Reached ***** piety under Vehumet
 24234 | Orc:2    | Offered knowledge of Ozocubu's Refrigeration by Vehumet.
 24398 | Orc:2    | Found Yraaqeb's General Store.
 24400 | Orc:2    | Bought a potion of flight for 39 gold pieces
 24400 | Orc:2    | Bought a potion of curing for 39 gold pieces
 25067 | Orc:1    | Noticed Erolcha
 25076 | Orc:1    | Killed Erolcha
 26056 | Lair:1   | Noticed Sonja
 26057 | Lair:1   | Killed Sonja
 26434 | Lair:1   | Noticed Gastronok
 26629 | Lair:1   | Killed Gastronok
 26958 | Lair:1   | Reached skill level 15 in Fire Magic
 27049 | Lair:1   | Found a large runed translucent door.
 27049 | Lair:1   | Found a large runed translucent door.
 27051 | Lair:1   | Noticed DrIncompetent's ghost (novice KoEn)
 27064 | Lair:1   | Reached skill level 15 in Conjurations
 28618 | Lair:3   | Reached XP level 15. HP: 48/82 MP: 25/27
 28775 | Lair:3   | Offered knowledge of Starburst by Vehumet.
 28785 | Lair:3   | Learned a level 6 spell: Starburst
 29292 | Lair:3   | Found a hole to the Spider Nest.
 29732 | Spider:1 | Entered Level 1 of the Spider Nest
 29905 | Spider:1 | Offered knowledge of Freezing Cloud by Vehumet.
 31178 | Spider:2 | Noticed a ghost moth
 31419 | Spider:2 | Killed a ghost moth
 33328 | Spider:3 | Noticed a ghost moth
 33526 | Spider:3 | HP: 4/82 [entropy weaver (1)]
 33526 | Spider:3 | Mangled by an entropy weaver

Illustrated notes

Levels and vault maps discovered:
D:1:      minmay_arrival_four_loops, layout_basic, serial_forest,
          infiniplex_forest_lined_1, infiniplex_forest_straight_3,
          infiniplex_forest_straight_2, infiniplex_forest_straight_4,
          infiniplex_forest_end_2, infiniplex_forest_clump_medium,
          infiniplex_forest_end_3, serial_bayou_lagoon_b
D:2:      layout_loops_ring, okawaru_metal_pillars_1_2
D:3:      layout_rooms, makhleb_blood_cavern_becter, portal_sewer_entry_a,
          chequers_ecumenical_altar_island, minmay_misc_feat_doors,
          grunt_dithmenos_smoke, uniq_natasha, uniq_crazy_yiuf_cottage
D:4:      layout_rooms, zin_purify, minmay_pentomino_pile
D:5:      layout_cave_pools, elyvilon_altar_1, basic_altar, uniq_edmund,
          uniq_eustachio
D:6:      layout_gridville, lemuel_crystal_altar, minmay_temple_entry_waves
D:7:      layout_basic, nicolae_ru_great_annihilating_truth,
          nicolae_overflow_hidden_temple, general_overflow_altar,
          nicolae_overflow_crystal_walls, minmay_fractal_squares_diagonal_5,
          uniq_menkaure, uniq_joseph
D:8:      layout_basic, bloody_trog, dk_noncrumbling_3, uniq_harold, uniq_pikel,
          uniq_maurice
D:9:      layout_loops_cross, doesnt_xom_only_xom
D:10:     layout_loops_ring, david_lair_shrubbed, grunt_tough_drop, uniq_psyche
D:11:     layout_roguey, minivault_25_ag, uniq_erica
D:12:     layout_basic, orc_0_dummy, serial_shops, kennysheep_little_box,
          minmay_guarded_unrand_resistance
D:13:     layout_roguey, david_vaults_4, nzn_life_drinkers
D:14:     layout_loops_cross, minivault_25, serial_shops, bzr_entry_gold
D:15:     grunt_enter_depths_snipers, layout_layer_cave, minmay_curled_crystal,
          serial_glass, glass_columns_b, glass_columns_c, glass_columns_c,
          glass_columns_a, glass_columns_b, glass_columns_c, st_stairs_2,
          uniq_josephine
Temple:   minmay_temple_curvy_loop
Lair:1:   layout_loops_ring, ebering_ghost_disaster_area, serial_forest,
          infiniplex_forest_clump_diagonal, infiniplex_forest_clump_curved,
          infiniplex_forest_clump_small, infiniplex_forest_clump_tiny,
          worms_lemuel, uniq_gastronok, uniq_sonja
Lair:2:   layout_misc_corridors, nicolae_volcano_entry_s_turn, special_room
          [special_room_bee]
Lair:3:   layout_big_grid, spider_nest_entry_funnel_web, serial_bayou_shore_b
Lair:4:   layout_small_grid, minmay_shoals_entry_centaurs, nzn_sisyphean_effort,
          grunt_megastairs_4, serial_bayou_shore_a
Spider:1: layout_spider_delve
Spider:2: layout_chambers
Spider:3: layout_spider_delve, hangedman_spider_mandibles
Orc:1:    cheibrodos_orc_guarddog, layout_diamond_mine, uniq_erolcha
Orc:2:    st_orc_open, layout_diamond_mine, uniq_donald

Skill      XL: |  1  2  3  4  5  6  7  8  9 10 11 12 13 14 15 |
---------------+----------------------------------------------+-----
Translocations | 1 3 5 6 |  6.0
Fighting       | 1 2 3 4 |  4.0
Spellcasting   | 4 5 6 7 |  7.0
Conjurations   | 5 6 7 9 10 11 12 13 15 17 | 17.2
Stealth        | 4 |  4.0
Staves         | 2 4 7 10 12 | 12.0
Throwing       | 1 |  1.0
Fire Magic     | 2 5 7 10 12 13 15 17 | 17.2
Dodging        | 3 4 |  4.0
Evocations     | 3 |  3.0
Shields        | 1 5 6 |  6.0
Earth Magic    | 2 3 |  3.0

Action                   |  1- 3 |  4- 6 |  7- 9 | 10-12 | 13-15 || total
-------------------------+-------+-------+-------+-------+-------++-------
Melee: Unarmed           |     6 |    12 |       |       |       ||    18
       Quarterstaff      |       |       |    37 |    99 |       ||   136
       Staff             |       |       |       |    59 |    94 ||   153
       Dagger            |       |       |       |       |    19 ||    19
Throw: Dart              |       |       |       |     6 |    32 ||    38
       Boomerang         |       |       |       |     1 |       ||     1
 Cast: Magic Dart        |    19 |    16 |    24 |    19 |     9 ||    87
       Searing Ray       |    29 |    33 |    48 |    97 |    67 ||   274
       Iskenderun's Myst |       |     2 |    37 |   129 |   205 ||   373
       Blink             |       |       |     3 |     2 |     3 ||     8
       Conjure Flame     |       |       |       |    12 |       ||    12
       Irradiate         |       |       |       |       |    26 ||    26
       Bolt of Magma     |       |       |       |       |    40 ||    40
       Starburst         |       |       |       |       |     6 ||     6
Evoke: Wand              |       |       |       |     3 |     1 ||     4
  Use: Scroll            |     2 |     6 |     6 |    23 |    15 ||    52
       Potion            |       |    10 |     2 |    11 |    11 ||    34
 Stab: Sleeping          |     1 |       |       |       |     3 ||     4
       Invisible         |       |       |     2 |     1 |     1 ||     4
       Petrified         |       |       |       |     8 |       ||     8
Armor: Robe              |     1 |     2 |    23 |    43 |   123 ||   192
       Skin              |       |       |       |     2 |    16 ||    18
Dodge: Dodged            |     7 |    21 |    97 |   173 |   146 ||   444
Block: Other             |     1 |     6 |    39 |    39 |     2 ||    87
       Reflection        |       |       |     8 |     7 |    15 ||    30
       Buckler           |       |       |       |    10 |   103 ||   113
       Kite shield       |       |       |       |       |   117 ||   117
